AoeStats
← jpierred

Arabia

506762042Analyzed
1v1 RM · 17d ago on Sep 15, 2026· 50m 7s· 2 players
Game mode
Random Map
Map size
Tiny (2 player)
Population
200
Speed
Normal
Resources
Standard
Victory
Conquest
Starting age
Dark Age
Ending age
Imperial Age
RankedLock teamsTeams togetherTeam positionsShared explorationLock speedFull tech treeHidden civsTurbo modeCheats
Victory
Defeat
🇨🇱 Bohemians · Chile
905
+16
🇧🇷 Mapuche · Brazil
906
-45
Camilooo
1:20 Loom
10:57 Feudal Age
11:48 Double-Bit Axe
16:56 Horse Collar
20:42 Castle Age
19:51 Wheelbarrow
20:03 Man-at-Arms
20:29 Arson
21:34 Bow Saw
29:23 Town Watch
33:38 Imperial Age
34:00 Husbandry
34:44 Murder Holes
36:51 Conscription
37:50 Chemistry
41:14 Hand Cart
42:40 Light Cavalry
44:18 Cavalier
45:46 Town Patrol
49:00 Heavy Scorpion
jpierred
8:14 Feudal Age
6:34 Loom
12:27 Double-Bit Axe
17:29 Wheelbarrow
20:20 Castle Age
21:54 Padded Archer Armor
27:38 Hand Cart
33:36 Leather Archer Armor
33:13 Fletching
33:45 Scale Mail Armor
33:57 Forging
37:05 Bow Saw
38:01 Pikeman
41:55 Imperial Age
43:11 Halberdier
Connection lost

Rejoining the realm…

Still unreachable

The connection could not be restored.

Session expired

The server has moved on; the page needs a fresh start.